[Event "French-ch U16-U18 2024"]
[Site "Agen"]
[Date "2024.04.17"]
[Round "5.9"]
[White "Zienkiewicz, Jan"]
[Black "Bustos Salinas, Thomas"]
[Result "1-0"]
[ECO "B12"]
[WhiteElo "2240"]
[BlackElo "1990"]
[Annotator "TA"]
[PlyCount "89"]
[EventDate "2024.04.14"]
[EventType "swiss"]
[EventCountry "FRA"]
[SourceTitle "playchess.com"]
[Source "ChessBase"]
[SourceQuality "1"]
[TimeControl "5400+30"]

1. e4 c6 2. d4 d5 3. e5 c5 4. dxc5 e6 5. a3 Bxc5 6. Nf3 Ne7 7. Bd3 (7. b4 $5 Bb6 $8 8. Bb5+ Nbc6 9. Bd3 $11) 7... Ng6 8. O-O {[%emt 0:10:18] The position is equal.} Nc6 9. b4 {[%emt 0:03:27] Hoping for Bxg6.} Bb6 10. Re1 O-O 11. Bb2 $1 Bd7 12. Nbd2 Nh4 13. c4 Nxf3+ 14. Qxf3 Qg5 {[%emt 0:04:28] Against Qg4} 15. Rad1 $40 {[%emt 0:03:26][%mdl 128] White has strong attack.} Bd4 {[%emt 0:07:01] [#]} 16. Qh3 $1 Qh6 17. Qxh6 gxh6 18. Bxd4 Nxd4 19. cxd5 {[%emt 0:00:19] aiming for d6.} exd5 (19... Ba4 $16) 20. Nf1 Nc6 21. Ng3 Kh8 22. f4 Rae8 (22... Ne7 $16 23. f5 b6) 23. Bc2 Ne7 24. Rd2 Rc8 25. Re3 {[%emt 0:25:49] Prevents Rc3} Bb5 26. a4 Bc4 (26... Bd7 $142) 27. Nh5 {[%emt 0:00:00] White has more active pieces.} Nc6 (27... b5 $16 {is a better defense.}) 28. b5 $18 Nb4 29. Bd1 a5 (29... a6 $142 30. Nf6 axb5) 30. Nf6 Rfd8 (30... Ba2 $142 31. f5 Bb1) 31. Rd4 Ba2 {[%emt 0:00:25] [#]} 32. f5 $1 {[%emt 0:00:00][%cal Bf4f5,Bf5f6][%mdl 32] e6 is the strong threat.} Rc7 (32... Rc4 $142 33. Rd2 Rc7) 33. Rd2 $2 (33. Rg4 $18 {White threatens Reg3 and mate.} Bb1 34. Reg3) 33... Bb1 (33... d4 $16 34. Rh3 Bb1) 34. g4 Kg7 35. Nh5+ Kf8 36. Nf4 Ke7 (36... Rc4 $16 {was necessary.} 37. e6 Ke7 38. f6+ Ke8) 37. f6+ Ke8 38. Bb3 Be4 $2 {[%emt 0:00:45] [#]} (38... Rdc8 $16 {might work better.} 39. b6 (39. Bxd5 Nxd5 40. Rxd5 Rc4 $18) 39... Rc1+ 40. Kf2 Be4 41. Nxd5 (41. Bxd5 R8c2 $18) 41... Bxd5) 39. Kf2 $2 (39. e6 $1 $18 {is the precise move to win.} Rc1+ 40. Kf2 fxe6 41. Rxe4 (41. Nxe6 Rdc8 $18) 41... dxe4 42. f7+ Kxf7 43. Rxd8) 39... Rc1 $2 {[%emt 0:00:23][%mdl 8192] [#] Loses the game.} (39... Rdc8 $16 40. Ke2 (40. Bxd5 $2 {loses.} Bxd5 41. Rxd5 Rc4 $19) 40... Rc5) 40. Rxe4 $1 dxe4 {[%emt 0:00:37] [#]} (40... Rc3 41. Bxd5) 41. Bxf7+ $1 Kxf7 42. Rxd8 Rc7 {[%emt 0:00:49] Against Rd7+} 43. b6 Rc3 44. Rd7+ Ke8 45. f7+ {[%emt 0:01:50] Weighted Error Value: White=0.27 (precise) /Black=0.46.  Loses game:     	---       	Black=2      Missed win:     	White=2     	---        Mistake:       	---       	Black=9      Inaccurate:     	White=4     	Black=4      OK:         	White=16    	Black=10     Best:        	---       	Black=1      Strong:       	White=1     	---        Brilliant:      	White=1     	---} 1-0

[Event "French-ch U16-U18 2024"]
[Site "Agen"]
[Date "2024.04.17"]
[Round "5.10"]
[White "Boumrar, Ayrad"]
[Black "Flagiello, Francesco"]
[Result "1/2-1/2"]
[ECO "E05"]
[WhiteElo "2191"]
[BlackElo "1952"]
[Annotator "TA"]
[PlyCount "66"]
[EventDate "2024.04.14"]
[EventType "swiss"]
[EventCountry "FRA"]
[SourceTitle "playchess.com"]
[Source "ChessBase"]
[SourceQuality "1"]
[TimeControl "5400+30"]

1. d4 d5 2. c4 e6 3. Nf3 Nf6 4. g3 Be7 5. Bg2 O-O 6. O-O dxc4 7. Qc2 a6 8. a4 Bd7 9. Qxc4 Bc6 10. Bg5 Nbd7 11. Nc3 h6 12. Bxf6 Nxf6 13. Rfd1 a5 14. Ne5 {[%emt 0:04:35][%cal Bf3e5,Be5d3,Bd3f4][%mdl 32] The position is equal.} Bxg2 15. Kxg2 Ra6 (15... c6 $5) 16. e3 c6 17. Qe2 Bb4 18. e4 Qe7 19. Nd3 Rd8 20. Nf4 Rc8 21. Rac1 Bxc3 22. Rxc3 Rb6 23. e5 Nd5 24. Nxd5 exd5 25. Re3 c5 26. dxc5 Rxc5 27. Red3 Qd7 28. Qf3 Qxa4 ({Reject} 28... Rxb2 $6 29. Rxd5 Rxd5 30. Rxd5 $16) 29. Rxd5 Rxd5 30. Rxd5 {[%emt 0:00:47] [#] Rd8+ would now be deadly.} Qc6 31. b3 Rb5 32. Rxb5 Qxb5 33. Qc3 Qd5+ {[%emt 0:06:07] A rather calm draw.   Weighted Error Value: White=0.06 (flawless) /Black=0.04 (flawless) .  Inaccurate:     	White=2     	---        OK:         	White=5     	Black=8      Best:        	---       	Black=1} 1/2-1/2

[Event "French-ch U16-U18 2024"]
[Site "Agen"]
[Date "2024.04.17"]
[Round "5.11"]
[White "Berezovsky, Fiorina"]
[Black "Deladerriere, Calypso"]
[Result "0-1"]
[ECO "D07"]
[WhiteElo "1848"]
[BlackElo "1935"]
[Annotator "TA"]
[PlyCount "66"]
[EventDate "2024.04.14"]
[EventType "swiss"]
[EventCountry "FRA"]
[SourceTitle "playchess.com"]
[Source "ChessBase"]
[SourceQuality "1"]
[TimeControl "5400+30"]

1. d4 d5 2. c4 Nc6 3. Nc3 Nf6 4. Nf3 dxc4 5. e4 Bg4 6. d5 Ne5 7. Qd4 (7. Bf4 $14 Nfd7 8. Qa4 Nxf3+ 9. gxf3 Bxf3 10. Rg1) 7... Nxf3+ $15 8. gxf3 Bxf3 9. Rg1 {[%emt 0:00:57] [#] The position is equal.} e5 $1 10. Qxc4 a6 $1 {[%emt 0:03:15] Inhibits Qb5+.} 11. Rg5 Qd6 12. Qa4+ Nd7 13. Bd2 Rd8 14. Rg3 (14. Qb3 $11) 14... Bh5 $1 $17 15. Bh3 Be7 16. Rc1 (16. Rxg7 $2 {perishes.} Bg6 17. Bg2 Bf8 18. Rxg6 hxg6 $19 (18... Qxg6 $2 19. Bf1 $19)) 16... O-O 17. Nd1 {[%emt 0:08:57] [#]} (17. Qb3 $17) 17... c6 18. Bxd7 {[%emt 0:05:44] This move loses the game for White.} (18. Ne3 $15 Nc5 (18... Nb6 $2 19. Qb3 $18) 19. Qc2) 18... Qxd7 $19 ({Less strong is} 18... Rxd7 19. Ne3 Qb8 20. Nf5 $17) 19. Ne3 Bh4 {[%emt 0:06:50] This pair of bishops is nice.} 20. Rg1 (20. Bb4) 20... cxd5 $2 (20... Qh3 21. Qc4 Qf3 (21... Qxh2 $2 22. Qf1 $19)) 21. Qxd7 Rxd7 22. Nf5 (22. Bb4 $142 Re8 23. exd5) 22... Bf6 23. Bb4 Rfd8 24. Ne3 (24. exd5 $142 Rxd5 25. Ne3) 24... dxe4 25. Ba5 Re8 26. Ng4 Bg5 27. Nxe5 Bxc1 28. Nxd7 Bxb2 29. Kd2 Bd4 30. Bb6 Bxb6 31. Nxb6 f5 32. Rc1 f4 33. Rc7 e3+ {[%emt 0:00:39] Weighted Error Value: White=0.58/Black=0.33.  Loses game:     	White=1     	---        Mistake:       	White=5     	Black=2      OK:         	White=7     	Black=13     Best:        	White=4     	Black=4      Strong:       	---       	Black=2} 0-1

[Event "French-ch U16-U18 2024"]
[Site "Agen"]
[Date "2024.04.17"]
[Round "5.12"]
[White "Diez, Agathe"]
[Black "Milojevic-Daim, Lola-Shaina"]
[Result "0-1"]
[ECO "D10"]
[WhiteElo "1954"]
[BlackElo "1867"]
[Annotator "TA"]
[PlyCount "118"]
[EventDate "2024.04.14"]
[EventType "swiss"]
[EventCountry "FRA"]
[SourceTitle "playchess.com"]
[Source "ChessBase"]
[SourceQuality "1"]
[TimeControl "5400+30"]

1. d4 d5 2. c4 c6 3. cxd5 cxd5 4. Nc3 Nf6 5. Bf4 Nc6 6. e3 Bf5 7. Qb3 Na5 8. Qa4+ Bd7 9. Qc2 Rc8 10. Bd3 {[%emt 0:12:06] The position is equal.} e6 11. a3 Qb6 12. b4 (12. Nf3 $5) 12... Nc4 13. Nge2 Be7 14. O-O Nh5 15. Rfc1 Nxf4 16. Nxf4 Bd6 (16... Qd6 $11 {keeps the balance.}) 17. Nh5 (17. Nfxd5 $16 Qd8 (17... exd5 $2 18. Nxd5 Qd8 19. Bxc4 $18) 18. Nf4) 17... Kf8 $11 18. Qe2 Qd8 19. e4 g6 20. Ng3 (20. exd5 $14 exd5 21. Ng3 (21. Nxd5 Nb6 $14)) 20... Bf4 21. Rc2 Nb6 22. Qf3 Bxg3 (22... Bg5 $142) 23. hxg3 (23. Qxg3 {with more complications.} Kg7 24. Rac1 Qe7 25. Qe5+) 23... dxe4 24. Nxe4 {[%emt 0:00:37] [#] Nd6 is the strong threat.} Rxc2 25. Bxc2 Bc6 26. Qf4 Bxe4 27. Qxe4 $40 {[%emt 0:00:12][%mdl 128] Black needs to defend precisely.} Qd5 28. Qf4 (28. Qe5 {simplifies} Qxe5 29. dxe5 Nc4 30. f4) 28... Ke7 29. Rd1 {[%emt 0:00:51][%cal Ba1d1,Bd1c1,Bc1c7][%mdl 32] Black should prevent Be4.} Qd6 (29... Rc8 $11 30. Be4 Qb3) 30. Qg5+ f6 $2 (30... Kd7 $16) 31. Qh6 $18 {[%emt 0:00:24] aiming for Qg7+.} Qd8 32. Bb3 (32. Qg7+ $18 Kd6 33. Re1 (33. Qxb7 Qd7 $18)) 32... Qf8 $2 (32... Kf7 $16 33. Rc1 Qd6) 33. Qe3 Qc8 34. Rc1 Qd7 35. Qh6 {[%emt 0:00:49] Against Rf8} (35. Rc7 $142 Qxc7 36. Qxe6+ (36. Bxe6 $2 Rd8 $19) 36... Kd8 37. Qxf6+ Qe7 38. Qxh8+ Kc7 39. Bg8) 35... Rf8 $2 (35... Kf7 {is a better chance.} 36. a4 Nd5 37. Bxd5 exd5) 36. Qxh7+ Rf7 37. Qxg6 Qxd4 38. Rc7+ Nd7 39. Ba4 Kd6 40. Qxf7 (40. Rxb7 $2 Ne5 41. Rxf7 Qa1+ (41... Nxg6 $2 42. Rd7+ Ke5 43. Rxd4 $18) 42. Kh2 Nxg6 43. Rd7+ Ke5 44. Rxa7 Qd4 (44... Qxa3 45. Ra5+ Kd4 46. Bc2 $15) 45. Ra5+ Kd6 46. Ra6+ Ke7 $19) (40. Rc1 $142 Rf8 41. Qc2 (41. Rd1 Qxd1+ 42. Bxd1 Rc8 $18)) 40... Kxc7 41. Qxe6 {[%emt 0:00:31][%mdl 4096] Endgame. Strongly threatening Bxd7. KQB-KQN} Ne5 42. Qa2 (42. Qxf6 $2 Qa1+ 43. Kh2 Ng4+ 44. Kh3 Nxf6 $19 (44... Qxf6 $2 45. Kxg4 Qxf2 46. Kh3 $19)) 42... a6 43. Qc2+ Kb8 44. Qd1 {[%emt 0:00:24] Prevents Qa1} Nd3 (44... Qb2 $142 45. f4 Nc4) 45. Qf3 (45. Qd2 $18) 45... f5 $2 46. Bc2 $2 ({Only move:} 46. Qxf5 $18 {Threatens to win with Bc2.} Qa1+ 47. Kh2 Nxf2 48. Qf4+ (48. Qxf2 Qh8+ 49. Kg1 Qa1+ $11) 48... Kc8 49. g4 (49. Qxf2 Qh8+ 50. Kg1 Qa1+ $11)) 46... Ne1 $11 47. Qxf5 Nxc2 48. Qf4+ $2 (48. Qxc2 $11 Qa1+ 49. Kh2 Qh8+ 50. Kg1 Qa1+ 51. Kh2 Qh8+ 52. Kg1 Qa1+) 48... Qxf4 $19 49. gxf4 Nxa3 {[%emt 0:00:07] ( -> ...Kc7). KN-KP} 50. g4 Kc7 {[%emt 0:00:03] Black mates.} 51. g5 Kd7 ({But not} 51... Nc2 $2 52. g6 Nxb4 53. g7 $18) 52. Kg2 Ke6 53. Kg3 Kf5 54. Kh4 Nc2 (54... Kxf4 $2 {loses.} 55. g6 $18) 55. Kh5 Nd4 56. g6 Ne6 (56... Kxf4 $2 {too greedy.} 57. g7 $18) 57. Kh6 b6 58. g7 {[%emt 0:00:14] [#]} Nxg7 $1 59. Kxg7 a5 {[%emt 0:00:03] Weighted Error Value: White=0.58/Black=0.42.  Loses game:     	White=1     	Black=2      Missed win:     	White=2     	---        Mistake:       	White=3     	Black=6      Inaccurate:     	White=3     	Black=3      OK:         	White=11    	Black=14     Best:        	White=2     	Black=3} 0-1

[Event "French-ch U16-U18 2024"]
[Site "Agen"]
[Date "2024.04.17"]
[Round "5.13"]
[White "Le Coz, Marie Sarah"]
[Black "Dufeux, Elia"]
[Result "1-0"]
[ECO "A11"]
[WhiteElo "1840"]
[BlackElo "1728"]
[Annotator "NA RC COMBH"]
[PlyCount "53"]
[EventDate "2024.04.14"]
[EventType "swiss"]
[EventCountry "FRA"]
[SourceTitle "playchess.com"]
[Source "ChessBase"]
[SourceQuality "1"]
[TimeControl "5400+30"]

1. Nf3 d5 2. g3 Nf6 3. c4 c6 4. Bg2 g6 5. O-O Bg7 6. cxd5 cxd5 7. Qa4+ Nc6 8. Ne5 Qc7 9. d4 O-O 10. Bf4 Qb6 11. Nxc6 bxc6 12. Nc3 Nd7 13. e4 Bxd4 14. exd5 Ba6 15. dxc6 Bxf1 16. Rxf1 Nf6 17. h3 a6 18. g4 e5 19. Bg5 Qxb2 20. Nd1 Qb5 21. Qxb5 axb5 22. Bxf6 Rxa2 23. Ne3 Re8 24. Nd5 Bc5 25. c7 b4 26. Bd8 Rc2 27. Nf6+ 1-0

[Event "French-ch U16-U18 2024"]
[Site "Agen"]
[Date "2024.04.17"]
[Round "5.14"]
[White "Riss, Selenia"]
[Black "Hamm, Gabrielle"]
[Result "0-1"]
[ECO "B53"]
[WhiteElo "1763"]
[BlackElo "1797"]
[Annotator "NA RC COMBH"]
[PlyCount "92"]
[EventDate "2024.04.14"]
[EventType "swiss"]
[EventCountry "FRA"]
[SourceTitle "playchess.com"]
[Source "ChessBase"]
[SourceQuality "1"]
[TimeControl "5400+30"]

1. e4 c5 2. Nf3 d6 3. d4 cxd4 4. Qxd4 Nc6 5. Bb5 Bd7 6. Bxc6 Bxc6 7. c4 Nf6 8. Nc3 e6 9. O-O Be7 10. b3 O-O 11. Bb2 Re8 12. Qd3 a6 13. Nd4 Bd7 14. Rad1 Rc8 15. Rfe1 Qa5 16. h3 Qg5 17. Re3 Nh5 18. Nce2 d5 19. Nf3 Nf4 20. Nxf4 Qxf4 21. exd5 exd5 22. cxd5 Bb5 23. Qd2 Bd6 24. Rxe8+ Rxe8 25. Qc3 f6 26. Rd4 Qf5 27. Rd1 Re2 28. g4 Qe4 29. Qc8+ Kf7 30. Qxb7+ Kf8 31. Qc8+ Be8 32. Qc3 Rc2 33. Nd2 Qg6 34. Qd4 Bc5 35. Qe4 Rxb2 36. Qc4 Qc2 37. Rc1 Qxd2 38. Qxc5+ Kg8 39. d6 Rxa2 40. b4 Rb2 41. Qc4+ Kf8 42. Qc5 Bd7 43. Qb6 Qxc1+ 44. Kg2 Qc6+ 45. Qxc6 Bxc6+ 46. Kg3 Rxb4 0-1

[Event "French-ch U16-U18 2024"]
[Site "Agen"]
[Date "2024.04.17"]
[Round "5.15"]
[White "Kosteniuk, Kristina"]
[Black "Beil, Romane"]
[Result "1/2-1/2"]
[ECO "B01"]
[WhiteElo "1852"]
[BlackElo "1652"]
[Annotator "NA RC COMBH"]
[PlyCount "59"]
[EventDate "2024.04.14"]
[EventType "swiss"]
[EventCountry "FRA"]
[SourceTitle "playchess.com"]
[Source "ChessBase"]
[SourceQuality "1"]
[TimeControl "5400+30"]

1. e4 d5 2. exd5 Nf6 3. Bb5+ Nbd7 4. c4 a6 5. Ba4 b5 6. cxb5 Nxd5 7. Nc3 Nb4 8. d4 Bb7 9. Nf3 e6 10. bxa6 Bxa6 11. Ne5 c6 12. Nxc6 Nxc6 13. Bxc6 Rb8 14. Qa4 Bc8 15. a3 Qc7 16. O-O Bd6 17. h3 O-O 18. Bf3 Nb6 19. Qc6 Qd8 20. Nb5 Be7 21. Qc7 Ba6 22. Qxd8 Rfxd8 23. Be2 Na4 24. Nc3 Bxe2 25. Nxe2 Nxb2 26. a4 Bf6 27. Be3 Ra8 28. Rfb1 Nxa4 29. Kf1 Nb6 30. Rxa8 1/2-1/2

[Event "French-ch U16-U18 2024"]
[Site "Agen"]
[Date "2024.04.17"]
[Round "5.16"]
[White "Mendoza, Mael"]
[Black "Razafindratsima, Timothe"]
[Result "0-1"]
[ECO "B69"]
[WhiteElo "2088"]
[BlackElo "2438"]
[Annotator "TA"]
[PlyCount "84"]
[EventDate "2024.04.14"]
[EventType "swiss"]
[EventCountry "FRA"]
[SourceTitle "playchess.com"]
[Source "ChessBase"]
[SourceQuality "1"]
[TimeControl "5400+30"]

1. e4 c5 2. Nf3 d6 3. d4 cxd4 4. Nxd4 Nf6 5. Nc3 Nc6 6. Bg5 e6 7. Qd2 a6 8. O-O-O Bd7 9. f4 Be7 10. Nf3 b5 11. Bxf6 gxf6 12. Kb1 Qb6 13. f5 O-O-O 14. g3 Kb8 15. fxe6 fxe6 16. Bh3 Na5 17. Ne2 Nc4 18. Qh6 ({Better is} 18. Qd4 $11) 18... Qc5 (18... d5 $1 $15 19. exd5 e5) 19. Nfd4 Rc8 {[%emt 0:00:00] [#]} (19... e5 $1 $11 20. Bxd7 Rxd7) 20. Qc1 (20. Bxe6 Bxe6 21. Nxe6 Qb4 $19) (20. Nxe6 $2 Qb4 21. b3 Na3+ 22. Ka1 Nxc2+ (22... Qxe4 23. N2d4 $11) 23. Kb2 Qxe4 $19) (20. c3 $1 $16) 20... f5 $1 $11 21. exf5 (21. Rhe1 $11) 21... e5 $15 22. Nb3 Qe3 (22... Qc6 $1 $15) 23. Nc3 (23. Qxe3 $5 Nxe3 24. Rd3 Nxc2 25. Nc3 $17 (25. f6 Bxh3 26. fxe7 Rhe8 $15)) 23... Na3+ 24. Ka1 (24. bxa3 $11 {was the only way to keep the balance.} Rxc3 (24... Qxc3 25. Qd2 $11) (24... Qxc1+ 25. Nxc1 Rxc3 26. Nd3 $14) 25. Rhe1 (25. f6 Qxc1+ 26. Nxc1 Bxh3 $17) 25... Qxc1+ 26. Kxc1) 24... Rxc3 $1 $17 25. bxc3 Qxc3+ 26. Qb2 Nxc2+ {[%emt 0:00:00] White is weak on the dark squares} 27. Kb1 Qxb2+ 28. Kxb2 Ne3 29. Rde1 Nc4+ {[%emt 0:00:00][%mdl 1024] Black has strong compensation.} (29... Nxf5 30. Rhf1 Nxg3 (30... Rf8 31. Rf3 $16) 31. Bxd7 Nxf1 32. Rxf1 $16) (29... Bxf5 30. Bxf5 Nxf5 31. Rhf1 $18) 30. Kc3 {[%emt 0:05:43] [#]} (30. Kb1 $17 {keeps fighting.}) 30... Bg5 $1 $19 31. Rhf1 (31. Kd3 {was necessary.}) 31... Rc8 32. Kd3 (32. Rc1 $142) 32... Nb2+ {[%emt 0:00:00] Black is clearly winning.} 33. Ke2 Rc2+ 34. Kf3 h5 {[%emt 0:00:04] And now ...Bc6+ would win.} 35. Na5 Nc4 (35... Rxh2 36. Rh1 Rxh1 37. Rxh1 $17) 36. Re2 (36. Rf2 $142 Rxf2+ 37. Kxf2 Nxa5 38. Rb1) 36... e4+ 37. Rxe4 Nd2+ 38. Ke2 Nxe4+ 39. Kd3 Rxa2 40. Kxe4 Rxa5 41. f6 Bxh3 42. f7 Be7 {[%emt 0:00:04] Weighted Error Value: White=0.67/Black=0.12 (very precise) .  Mistake:       	White=8     	Black=3      Inaccurate:     	White=3     	---        OK:         	White=3     	Black=7      Best:        	White=2     	Black=5      Strong:       	---       	Black=2} (42... Bxf1 43. f8=Q+ Kb7 44. Qg7+ (44. Qxf1 b4 $16) 44... Kb6 45. Qxg5 Bg2+ 46. Ke3 Ra3+ 47. Kd2 $16) 0-1

[Event "French-ch U16-U18 2024"]
[Site "Agen"]
[Date "2024.04.17"]
[Round "5.17"]
[White "Makkar, Rajat"]
[Black "Tulliez, Andre"]
[Result "1-0"]
[ECO "A22"]
[WhiteElo "2452"]
[BlackElo "2157"]
[Annotator "TA"]
[PlyCount "45"]
[EventDate "2024.04.14"]
[EventType "swiss"]
[EventCountry "FRA"]
[SourceTitle "playchess.com"]
[Source "ChessBase"]
[SourceQuality "1"]
[TimeControl "5400+30"]

1. c4 e5 2. g3 c6 3. Nf3 e4 4. Nd4 d5 5. cxd5 Nf6 6. Bg2 cxd5 7. d3 Bb4+ 8. Nc3 O-O 9. O-O Re8 10. Qc2 h6 11. Be3 Qe7 12. Rac1 {[%emt 0:01:50][%cal Ba1c1,Bc1c3,Bc3c8][%mdl 32] White is better.} Bd7 13. Qb3 Bxc3 14. Rxc3 Bg4 (14... b6 $142) 15. h3 $16 {[%emt 0:03:01] White is more active.} Bh5 (15... Bc8 $16 16. Rfc1 Na6) 16. dxe4 $18 dxe4 17. Nf5 Qe6 {[%emt 0:03:10] Black is weak on the dark squares} 18. Qxe6 Rxe6 (18... fxe6 {might work better.} 19. Nd6 Rf8) 19. Rc8+ Kh7 $2 (19... Re8 20. Rxe8+ Nxe8) 20. g4 {[%emt 0:00:25] White is clearly winning.} Bg6 21. Rd1 {[%emt 0:00:19] [#] Black must now prevent Rdd8.} Re8 22. Rxe8 Nxe8 23. Rd8 {[%emt 0:02:42] Black did not feel at home in the position after the opening.   Weighted Error Value: White=0.13 (very precise) /Black=0.51.  Mistake:       	---       	Black=4      Inaccurate:     	---       	Black=1      OK:         	White=7     	Black=5} ({Resist} 23. Bxe4 Nc6 24. Rd7 Rb8 $18) 1-0

[Event "French-ch U16-U18 2024"]
[Site "Agen"]
[Date "2024.04.17"]
[Round "5.18"]
[White "Belkaid, Sohan"]
[Black "Darrigrand, Mathieu"]
[Result "1-0"]
[ECO "B30"]
[WhiteElo "2412"]
[BlackElo "2018"]
[Annotator "TA"]
[PlyCount "61"]
[EventDate "2024.04.14"]
[EventType "swiss"]
[EventCountry "FRA"]
[SourceTitle "playchess.com"]
[Source "ChessBase"]
[SourceQuality "1"]
[TimeControl "5400+30"]

1. e4 c5 2. Nf3 Nc6 3. Bc4 e6 4. O-O d5 5. Bb5 Bd6 (5... dxe4 $11 6. Ne5 Nge7) 6. Bxc6+ bxc6 7. Qe2 Ne7 8. d3 {[%emt 0:04:20] The position is equal.} Ba6 ({Better is} 8... f6 $11) 9. c4 O-O 10. Nc3 Ng6 11. Na4 (11. e5 $1 $11 Be7 12. Na4) 11... Qc7 (11... e5 $1 $15) 12. b3 f5 13. exd5 exd5 (13... cxd5 $11 14. d4 (14. Qxe6+ Kh8 $15) 14... e5 15. Nxc5 Bxc5 16. dxc5 Rae8) 14. Re1 $14 Rae8 15. Qxe8 Rxe8 16. Rxe8+ Kf7 17. Re2 h6 {[%emt 0:04:57] Wards off Ng5+} 18. h3 Bc8 19. Ba3 Nf4 20. Rc2 Nxd3 (20... g5 $15 {stays ahead.} 21. cxd5 g4 (21... Nxd3 22. Nxc5 Nf4 23. Ne6 $18) 22. hxg4 fxg4 (22... cxd5 23. Bxc5 fxg4 24. Ne1 $17)) 21. Rd1 $16 dxc4 22. Rxc4 Ne5 23. Nxe5+ Bxe5 24. Nxc5 f4 (24... Kg8 $142) 25. Ne4 {[%emt 0:00:31] Bd6 would now be deadly. White is more active.} (25. Nd3 f3 $14) 25... f3 {[%emt 0:01:46] [#]} 26. Bd6 $1 $36 {[%emt 0:03:53][%mdl 2048] Black is under strong pressure.} (26. gxf3 Bxh3 27. Bd6 Qd7 $11) 26... Qd7 27. Rd3 {[%emt 0:01:29] Some like it hot} (27. gxf3 $6 Bh2+ 28. Kxh2 Qxh3+ 29. Kg1 Qxf3 $11) ({White should play} 27. Rd2 Qe6 28. Rd3 (28. Rxc6 Bb7 $16) (28. gxf3 Qg6+ 29. Kf1 Bf6 $11) (28. Bxe5 Qxe5 29. gxf3 Bxh3 $16) 28... Bxd6 29. Rxd6 (29. Nxd6+ Kg8 $11)) 27... Bxd6 {[%emt 0:02:24][%mdl 8192] Loses the game.} (27... fxg2 $16 28. Rf3+ (28. Kxg2 Bxd6 29. Nxd6+ Kg8 $11) 28... Bf6) 28. Rxd6 $18 {[%emt 0:01:39] White is clearly winning.} Qe7 29. Rdxc6 ({Weaker is} 29. gxf3 Be6 $16) 29... Bd7 30. Rc7 fxg2 31. Rd4 {[%emt 0:00:26] Weighted Error Value: White=0.25 (precise) /Black=0.33.  Loses game:     	---       	Black=1      Mistake:       	White=2     	Black=5      Inaccurate:     	White=7     	Black=2      OK:         	White=5     	Black=6      Best:        	White=1     	Black=2} ({And not} 31. Kxg2 Kg8 $11) 1-0

[Event "French-ch U16-U18 2024"]
[Site "Agen"]
[Date "2024.04.17"]
[Round "5.19"]
[White "Thibous, Mathis"]
[Black "Pichon, Ewen"]
[Result "1/2-1/2"]
[ECO "A17"]
[WhiteElo "2123"]
[BlackElo "2252"]
[Annotator "TA"]
[PlyCount "51"]
[EventDate "2024.04.14"]
[EventType "swiss"]
[EventCountry "FRA"]
[SourceTitle "playchess.com"]
[Source "ChessBase"]
[SourceQuality "1"]
[TimeControl "5400+30"]

1. c4 e6 2. Nc3 d5 3. e3 Nf6 4. Nf3 a6 5. b3 Bd6 6. Bb2 dxc4 7. bxc4 b6 8. d4 {[%emt 0:07:00] The position is equal.} Bb7 {[%emt 0:00:47] Prevents e4.} 9. Bd3 c5 (9... Nbd7 $11) 10. O-O cxd4 11. exd4 O-O 12. Re1 Qc7 13. h3 Nbd7 14. Rc1 Rfe8 15. Ne4 Nxe4 16. Bxe4 Bxe4 17. Rxe4 Rac8 18. Qb3 Qc6 19. d5 exd5 (19... Qb7 $5) 20. Rxe8+ Rxe8 21. cxd5 Qb7 (21... Qb5 $11) 22. Qc3 ({White should try} 22. Rc6 $16 Bf8 23. Qd3) 22... Ne5 (22... f6 $11 {keeps the balance.}) 23. Nxe5 $16 Bxe5 24. Re1 f6 ({But not} 24... Qxd5 $2 25. Rxe5 Qxe5 26. Qxe5 $18) 25. Qd2 {[%emt 0:00:58] [#] f4 would now be deadly.} Qd7 26. Bxe5 {[%emt 0:00:19] Weighted Error Value: White=0.10 (very precise) /Black=0.18 (very precise) .  Mistake:       	White=1     	Black=3      Inaccurate:     	White=1     	Black=2      OK:         	White=7     	Black=7      Best:        	White=3     	---} 1/2-1/2